 Dungeon Crawl Stone Soup version 0.19.0-11-g3fc08b3 (webtiles) character file.

211 Juniper the Slasher (level 5, -1/42 HPs)
             Began as a Draconian Berserker on Nov 7, 2016.
             Was an Initiate of Hepliaklqana.
             Slain by a black bear (10 damage)
             ... on level 4 of the Dungeon on Nov 8, 2016.
             The game lasted 00:13:00 (3374 turns).

Juniper the Slasher (Draconian Berserker)           Turns: 3374, Time: 00:13:00

Health: -1/42      AC:  6    Str: 25    XL:     5   Next: 57%
Magic:  5/5        EV: 13    Int:  7    God:    Hepliaklqana [......]
Gold:   305        SH:  0    Dex: 11    Spells: 0 memorised, 4 levels left

rFire  . . .     SeeInvis .     i - +2 hand axe (chop)
rCold  . . .     Gourm    .     (armour unavailable)
rNeg   . . .     Faith    .     (no shield)
rPois  .         Spirit   .     (helmet restricted)
rElec  .         Reflect  .     (no cloak)
rCorr  .         Harm     .     u - +0 pair of gloves
MR     .....                    (no boots)
Stlth  +.........               (no amulet)
                                (no ring)
                                (no ring)

@: mighty
A: unfitting armour, reduced essence, cold-blooded, AC +5
a: Recall Ancestor, Ancestor Identity, Renounce Religion


You were on level 4 of the Dungeon.
You worshipped Hepliaklqana.
Hepliaklqana was noncommittal.
You were not hungry.

You visited 1 branch of the dungeon, and saw 4 of its levels.

You collected 305 gold pieces.

Inventory:

Hand Weapons
 a - a +0 falchion
 i - a +2 hand axe of chopping (weapon)
Missiles
 q - a throwing net (quivered)
Armour
 o - a +0 pair of gloves
 u - a +0 pair of gloves (worn)
Wands
 t - a wand of polymorph (16/24)
 x - a wand of iceblast (9/15)
Scrolls
 e - 4 scrolls of magic mapping {unknown}
 f - a scroll of blinking {unknown}
 j - 4 scrolls of identify {unknown}
 m - 2 scrolls of fog {unknown}
 p - 2 scrolls of teleportation {unknown}
 r - 2 scrolls of enchant weapon {unknown}
 v - 2 scrolls of amnesia {unknown}
Potions
 d - a potion of berserk rage {unknown}
 g - a potion of heal wounds {unknown}
 h - 2 potions of brilliance {unknown}
 k - a potion of cancellation {unknown}
 n - 3 potions of curing {unknown}
 w - 2 potions of might
Comestibles
 b - 3 bread rations
 c - 2 meat rations
 l - a beef jerky
 s - 4 chunks of flesh


   Skills:
 + Level 4.4 Fighting
 + Level 4.8 Long Blades
 + Level 3.6 Dodging
 + Level 1.1 Stealth


You had 4 spell levels left.
You didn't know any spells.

Dungeon Overview and Level Annotations

Branches:
Dungeon (4/15)
 Temple: D:4-7

Altars:
Hepliaklqana
Sif Muna
Zin


Innate Abilities, Weirdness & Mutations

Your plain brown scales are hard. (AC +5)
You cannot fit into any form of body armour.
You are cold-blooded and may be slowed by cold attacks.
Your life essence is reduced. (-10% HP)


Message History

* * * LOW HITPOINT WARNING * * *
The black bear misses you. The black bear barely misses you.
You swap places.
The black bear bites Eadburga!
The black bear claws Eadburga but does no damage.
The black bear claws Eadburga.
Eadburga is destroyed!
The black bear bites you but does no damage.
The black bear closely misses you. The black bear claws you.
* * * LOW HITPOINT WARNING * * *
You hit the black bear.
The black bear is almost dead.
The black bear closely misses you.
The black bear claws you but does no damage.
The black bear closely misses you.
The black bear bites you but does no damage.
The black bear barely misses you. The black bear misses you.
It was a potion of might.
You feel very mighty all of a sudden. The black bear bites you!
You die...

###
##%..######
#.%.......###
#.....##)h@.##
##..##
####..##
######### ##
###.##
#.......#
##.###........
#......# ###
#.####.# ..#
#.# #.# #.#
#.# #.# #.#
#.# #.# #.#


You could see a black bear (berserk).

Vanquished Creatures
  A hound (D:4)
  2 orc wizards (D:4)
  4 adders
  3 worms (D:3)
  3 dart slugs (D:1)
  2 leopard geckos
  5 orcs
  3 bats
  6 giant cockroaches
  8 goblins
  5 hobgoblins
  3 jackals (D:3)
  2 kobolds
  2 quokkas (D:3)
  3 frilled lizards
  A jackal skeleton (D:4)
  6 rats
59 creatures vanquished.

Vanquished Creatures (collateral kills)
  An adder skeleton (D:4)
  2 orcs
  A ball python (D:4)
4 creatures vanquished.

Vanquished Creatures (others)
  2 ancestors (D:4)
2 creatures vanquished.

Grand Total: 65 creatures vanquished

Notes
Turn   | Place    | Note
-------+----------+-------------------------------------------
     0 | D:1      | Juniper the Draconian Berserker began the quest for the Orb.
     0 | D:1      | Reached XP level 1. HP: 19/19 MP: 1/1
   163 | D:1      | Reached XP level 2. HP: 21/26 MP: 2/2
   757 | D:2      | Reached XP level 3. HP: 27/33 MP: 3/3
   847 | D:2      | Upgraded the game from 0.19.0-9-gfd783f2 to 0.19.0-11-g3fc08b3
  1881 | D:3      | Reached ** piety under Trog
  1939 | D:3      | Found a deep blue altar of Sif Muna.
  2020 | D:3      | Found a faded altar of an unknown god.
  2020 | D:3      | Found a faded altar of an unknown god.
  2028 | D:3      | Reached XP level 4. HP: 40/40 MP: 4/4
  2060 | D:3      | Found a glowing silver altar of Zin.
  2062 | D:3      | Found a faded altar of an unknown god.
  2077 | D:3      | Found a faded altar of an unknown god.
  2191 | D:3      | Found a hazy altar of Hepliaklqana.
  2197 | D:3      | Fell from the grace of Trog
  2197 | D:3      | Became a worshipper of Hepliaklqana the Forgotten
  2864 | D:4      | Reached XP level 5. HP: 22/41 MP: 5/5
  2958 | D:4      | Reached skill level 1 in Stealth
  3360 | D:4      | Noticed a black bear
  3374 | D:4      | Slain by a black bear

Skill      XL: |  1  2  3  4  5 |
---------------+----------------+-----
Fighting       | 4 |  4.4
Dodging        | 3 |  3.6
Long Blades    | 4 |  4.8
Stealth        | 1 |  1.1

Action                   |  1- 3 |  4- 6 || total
-------------------------+-------+-------++-------
Melee: Falchion          |    97 |    73 ||   170
       Tailslap          |    17 |    16 ||    33
       Hand axe          |       |     7 ||     7
Invok: Ancestor Identity |       |     1 ||     1
  Use: Potion            |       |     1 ||     1
 Stab: Sleeping          |     1 |     1 ||     2
       Distracted        |       |     1 ||     1
  Eat: Chunk             |     1 |     1 ||     2
       Meat ration       |     1 |       ||     1
       Royal jelly       |       |     1 ||     1
Armor: Skin              |    24 |    22 ||    46
Dodge: Dodged            |    65 |    57 ||   122
       Rpst.: Falchion   |    25 |    19 ||    44
